 Dungeon Crawl Stone Soup version 0.25-a0-346-g140ab784a8 (webtiles) character file.

Game seed: 57789762389605610, levelgen mode: classic

98 Borgoz the Covered (level 4, 0/29 HPs)
             Began as a Gargoyle Fighter on Dec 31, 2019.
             Slain by Sigmund
             ... wielding a cursed -2 scythe
              (6 damage)
             ... on level 2 of the Dungeon.
             The game lasted 00:01:39 (1879 turns).

Borgoz the Covered (Gargoyle Fighter)               Turns: 1879, Time: 00:01:40

Health: 0/29       AC: 10    Str: 25      XL:     4   Next: 71%
Magic:  4/4        EV:  7    Int:  8      God:
Gold:   45         SH:  9    Dex:  9 (10) Spells: 3/3 levels left

rFire    . . .     SeeInvis .   a - +0 flail
rCold    . . .     Gourm    .   c - +0 shield
rNeg     + . .     Faith    .   b - +0 scale mail
rPois    ∞         Spirit   .   (no helmet)
rElec    +         Reflect  .   (no cloak)
rCorr    .         Harm     .   (no gloves)
MR       .....                  (no boots)
Stlth    ..........             (no amulet)
HPRegen  0.09/turn              (no ring)
MPRegen  0.09/turn              (no ring)

@: mighty
A: negative energy resistance 1, electricity resistance, unbreathing,
petrification resistance, rot immunity, AC +3
a: no special abilities


You were on level 2 of the Dungeon.
You were not hungry.

You visited 1 branch of the dungeon, and saw 2 of its levels.

You collected 45 gold pieces.

Inventory:

Hand Weapons
 a - a +0 flail (weapon)
Missiles
 l - 2 throwing nets (quivered)
Armour
 b - a +0 scale mail (worn)
 c - a +0 shield (worn)
Scrolls
 e - 2 scrolls of amnesia {unknown}
 g - 3 scrolls of identify {unknown}
 h - a scroll of remove curse {unknown}
 i - a scroll of magic mapping {unknown}
Potions
 k - a potion of flight {unknown}
Comestibles
 f - 2 rations


   Skills:
 + Level 4.0 Fighting
 * Level 3.6 Maces & Flails
 + Level 4.0 Armour
 - Level 3.2 Shields


You had 3 spell levels left.
You didn't know any spells.
Your spell library was empty.

Dungeon Overview and Level Annotations

Branches:
Dungeon (2/15)

Altars:
Fedhas
Qazlal
Sif Muna

Annotations:
D:2 Sigmund


Innate Abilities, Weirdness & Mutations

You are resistant to torment.
Your stone body is resilient. (AC +3)
You are immune to poison.
You resist negative energy. (rN+)
You are resistant to electric shocks. (rElec)
You can survive without breathing.
You are immune to petrification.
You are immune to rotting.


Message History

You closely miss something. You block something's attack.
You barely miss something.
You hear some strange, mumbled words.
A magic dart appears from out of thin air!
The magic dart hits you.
You miss something. Something hits you.
You closely miss something.
You hear some strange, mumbled words.
You are confused.
You miss something. Something hits you but does no damage.
You closely miss something.
You hear some strange, mumbled words.
A puff of flame appears from out of thin air!
The puff of flame hits you!
* * * LOW HITPOINT WARNING * * *
You feel better. Something hits you.
* * * LOW HITPOINT WARNING * * *
You closely miss something. Something hits you but does no damage.
You miss something. Something hits you.
You die...

#.####.###### #.####.# #
# #..)...# # ###.
#...#### ..... #...#
.....#+#####...#### ####
........................
........################
.......@# #####..{#
######## #...# #.......
#...# #.###### ..... #.#
#..... #(# #..%..
####.##### #......
#........# #...<....#


There were no monsters in sight!

Vanquished Creatures
  Jessica (D:2)
  3 gnolls
  An adder (D:2)
  A dart slug (D:2)
  4 leopard geckos
  A giant cockroach (D:1)
  5 goblins (D:2)
  5 hobgoblins
  5 kobolds
  2 frilled lizards
  3 rats
31 creatures vanquished.

Notes
Turn   | Place    | Note
-------+----------+-------------------------------------------
     0 | D:1      | Borgoz the Gargoyle Fighter began the quest for the Orb.
     0 | D:1      | Reached XP level 1. HP: 14/14 MP: 1/1
   315 | D:1      | Reached XP level 2. HP: 5/19 MP: 2/2
  1162 | D:2      | Reached XP level 3. HP: 12/23 MP: 3/3
  1537 | D:2      | Noticed Jessica
  1544 | D:2      | Reached XP level 4. HP: 27/29 MP: 4/4
  1556 | D:2      | Killed Jessica
  1593 | D:2      | Found a stormy altar of Qazlal.
  1698 | D:2      | Found a shimmering blue altar of Sif Muna.
  1851 | D:2      | Found a blossoming altar of Fedhas.
  1864 | D:2      | Noticed Sigmund
  1876 | D:2      | HP: 1/29 [something/puff of flame (11)]
  1879 | D:2      | Slain by Sigmund

Levels and vault maps discovered:
D:1:      saegor_arrival_simple_b, layout_basic
D:2:      layout_basic, lemuel_doored_altar, led_sif_pool, fedhas_altar_2,
          uniq_jessica, uniq_sigmund

Skill      XL: |  1  2  3  4 |
---------------+-------------+-----
Maces & Flails | 3 |  3.6
Fighting       | 4 |  4.0
Armour         | 4 |  4.0
Shields        | |  3.2

Action                   |  1- 3 |  4- 6 || total
-------------------------+-------+-------++-------
Melee: Flail             |    97 |    59 ||   156
  Use: Potion            |     1 |     3 ||     4
  Eat: Chunk             |     2 |     1 ||     3
Armor: Scale mail        |    55 |    20 ||    75
Dodge: Dodged            |    37 |    16 ||    53
Block: Shield            |    56 |    23 ||    79

Table legend:
 A = Non-vault XP
 B = Vault XP
 C = Vault XP percentage of total XP
 D = Non-vault monster count
 E = Vault monster count
 F = Vault count percentage of total count
                 A         B        C        D         E       F
            +---------+---------+-------+---------+---------+-------
      Total |     104 |      37 |  26.2 |      30 |       1 |   3.2
            +---------+---------+-------+---------+---------+-------
        D:1 |      35 |       0 |   0.0 |      12 |       0 |   0.0
        D:2 |      69 |      37 |  34.9 |      18 |       1 |   5.3
            +---------+---------+-------+---------+---------+-------
